AoeStats
← CkDexterHaven

Arabia

510015628Analyzed
3v3 RM · 3d ago on Sep 29, 2026· 66m 59s· 6 players
Game mode
Random Map
Map size
Normal (6 player)
Population
200
Speed
Normal
Resources
Standard
Victory
Conquest
Starting age
Dark Age
Ending age
Imperial Age
RankedLock teamsTeams togetherTeam positionsShared explorationLock speedFull tech treeHidden civsTurbo modeCheats
Victory
Defeat
🇺🇸 Hindustanis · United States
1201
+16
🇺🇸 Lithuanians · United States
1156
+18
🇺🇸 Khmer · United States
1148
+18
🇺🇸 Vikings · United States
1271
-21
🇺🇸 Magyars · United States
1224
-18
🇺🇸 Saracens · United States
1098
-13
jscheng35
6:40 Loom
9:10 Feudal Age
10:43 Double-Bit Axe
15:31 Bloodlines
22:48 Castle Age
24:30 Light Cavalry
25:12 Husbandry
26:21 Elite Skirmisher
27:59 Bow Saw
28:00 Fletching
31:36 Wheelbarrow
32:01 Thumb Ring
32:15 Padded Archer Armor
32:43 Stone Mining
32:43 Gold Mining
34:02 Hand Cart
33:33 Town Watch
34:22 Bodkin Arrow
38:43 Imperial Age
37:45 Horse Collar
38:27 Forging
38:24 Scale Barding Armor
38:22 Gold Mining
41:22 Ballistics
41:01 Heavy Camel Rider
42:43 Masonry
42:29 Murder Holes
42:50 Imperial Camel Rider
45:19 Forging
49:41 Scale Barding Armor
50:11 Iron Casting
49:52 Leather Archer Armor
51:40 Chain Barding Armor
53:38 Conscription
55:20 Chemistry
57:22 Fortified Wall
61:33 Bracer
62:03 Ring Archer Armor
62:09 Ring Archer Armor
moomoothecow
6:36 Loom
9:42 Loom
12:19 Feudal Age
16:58 Castle Age
14:51 Horse Collar
16:07 Double-Bit Axe
21:51 Wheelbarrow
21:02 Town Watch
21:48 Husbandry
22:01 Forging
21:56 Scale Barding Armor
26:31 Iron Casting
26:32 Chain Barding Armor
26:52 Bloodlines
28:34 Hand Cart
30:07 Pikeman
30:47 Squires
31:03 Scale Mail Armor
32:54 Gold Mining
33:13 Stone Mining
34:24 Hill Forts
35:34 Murder Holes
36:23 Ballistics
37:13 Fletching
38:59 Bodkin Arrow
40:47 Bow Saw
41:30 Heavy Plow
45:10 Imperial Age
42:56 Masonry
43:26 Treadmill Crane
44:35 Stone Shaft Mining
47:17 Halberdier
48:48 Hoardings
48:18 Tower Shields
49:19 Chain Mail Armor
53:16 Guilds
54:06 Conscription
53:42 Arson
55:23 Fervor
55:29 Block Printing
55:42 Illumination
56:37 Town Patrol
58:32 Redemption
64:47 Chemistry
64:18 Architecture
Wise Frog
10:56 Feudal Age
11:39 Loom
11:53 Horse Collar
12:10 Double-Bit Axe
20:16 Castle Age
19:23 Gold Mining
21:12 Forging
21:08 Scale Barding Armor
21:15 Bloodlines
22:21 Husbandry
23:06 Fletching
24:17 Wheelbarrow
23:27 Town Watch
24:04 Stone Mining
26:34 Scale Mail Armor
27:08 Pikeman
30:17 Hand Cart
33:37 Iron Casting
35:17 Chain Mail Armor
39:12 Imperial Age
40:30 Chain Barding Armor
40:30 Double Crossbow
40:55 Conscription
42:04 Hoardings
43:21 Plate Barding Armor
42:31 Light Cavalry
42:38 Halberdier
49:58 Elite Ballista Elephant
53:35 Siege Engineers
53:52 Ballistics
53:27 Murder Holes
53:43 Masonry
54:34 Chemistry
55:48 Heavy Plow
59:08 Devotion
Dwight5rhute010
6:11 Loom
8:55 Feudal Age
10:36 Double-Bit Axe
11:19 Town Watch
19:10 Bloodlines
22:17 Castle Age
21:30 Scale Barding Armor
22:15 Horse Collar
23:27 Bow Saw
24:07 Husbandry
25:44 Chain Barding Armor
26:56 Gold Mining
28:23 Wheelbarrow
30:31 Heavy Plow
31:05 Light Cavalry
35:00 Hand Cart
40:57 Imperial Age
40:03 Fletching
41:26 Gold Shaft Mining
41:07 Hussar
42:24 Plate Barding Armor
41:11 Cavalier
46:42 Paladin
47:53 Conscription
56:08 Bodkin Arrow
56:14 Padded Archer Armor
55:37 Elite Skirmisher
56:53 Ballistics
57:34 Chemistry
60:59 Two-Man Saw
kamasm
6:37 Loom
9:39 Feudal Age
10:24 Double-Bit Axe
14:58 Fletching
19:39 Padded Archer Armor
24:26 Castle Age
23:32 Gold Mining
25:06 Bodkin Arrow
24:33 Crossbowman
26:54 Leather Archer Armor
39:31 Imperial Age
38:00 Pikeman
38:40 Squires
39:21 Bow Saw
40:46 Conscription
40:42 Bracer
40:43 Scale Mail Armor
40:53 Forging
41:14 Ring Archer Armor
43:02 Arbalester
48:24 Elite Berserk
49:42 Chain Mail Armor
51:22 Chieftains
53:06 Plate Mail Armor
53:12 Iron Casting
53:57 Arson
55:05 Ballistics
CkDexterHaven
8:24 Loom
11:23 Feudal Age
11:52 Double-Bit Axe
16:51 Horse Collar
17:40 Town Watch
23:06 Castle Age
21:30 Gold Mining
22:44 Scale Barding Armor
22:55 Bloodlines
23:35 Wheelbarrow
23:27 Stone Mining
24:05 Forging
24:55 Heavy Plow
26:43 Chain Barding Armor
29:49 Iron Casting
29:32 Fletching
30:46 Padded Archer Armor
30:37 Light Cavalry
31:43 Stone Mining
32:54 Bow Saw
40:59 Imperial Age
40:19 Husbandry
41:34 Ballistics
42:59 Plate Barding Armor
43:25 Blast Furnace
41:50 Hussar
41:52 Heavy Camel Rider
43:17 Conscription
44:09 Hand Cart
59:57 Chemistry
Connection lost

Rejoining the realm…

Still unreachable

The connection could not be restored.

Session expired

The server has moved on; the page needs a fresh start.